AoeStats
← _LY_抖音肥龙

Nomad

505248467Analyzed
4v4 RM · 23d ago on Sep 8, 2026· 46m 32s· 8 players
Game mode
Random Map
Map size
231×231
Population
200
Speed
Normal
Resources
Standard
Victory
Conquest
Starting age
Dark Age
Ending age
Imperial Age
RankedLock teamsTeams togetherTeam positionsShared explorationLock speedFull tech treeHidden civsTurbo modeCheats
Victory
Defeat
🇨🇳 Berbers · China
1983
+11
🇨🇳 Spanish · China
1951
+12
🇨🇳 Persians · China
1701
+22
1553
+26
🇨🇳 Persians · China
1895
-20
🇨🇿 Vikings · Czechia
1887
-20
🇩🇪 Malay · Germany
1825
-17
🇭🇰 Mongols · Hong Kong SAR China
1755
-14
_LY_抖音肥龙
13:21 Feudal Age
14:02 Double-Bit Axe
17:09 Castle Age
15:07 Stone Mining
15:27 Fishing Lines
16:15 Gold Mining
18:11 Bow Saw
17:53 Gillnets
18:59 Loom
19:04 Fletching
21:25 Wheelbarrow
22:36 Bodkin Arrow
24:54 Ballistics
26:24 Town Watch
26:40 Padded Archer Armor
28:27 Leather Archer Armor
28:45 Bloodlines
28:39 Husbandry
30:21 Thumb Ring
36:07 Imperial Age
34:52 Hand Cart
37:13 Bracer
38:21 Chemistry
38:18 Conscription
37:44 Capped Ram
41:06 Parthian Tactics
42:01 Onager
43:23 Drill
45:24 Elite Mangudai
Velky kanec
4:18 Loom
13:24 Feudal Age
18:15 Castle Age
16:51 Fletching
18:16 Town Watch
19:15 Double-Bit Axe
20:47 Fishing Lines
23:26 Bodkin Arrow
24:58 Gillnets
26:44 Crossbowman
30:08 Bow Saw
35:04 Imperial Age
32:46 Padded Archer Armor
34:21 Ballistics
35:53 Bracer
36:08 Arbalester
38:36 Chemistry
37:14 Capped Ram
38:45 Stone Mining
38:46 Gold Mining
39:26 Treadmill Crane
41:13 Gold Shaft Mining
41:04 Conscription
40:11 Siege Ram
42:38 Two-Man Saw
42:13 Leather Archer Armor
43:28 Ring Archer Armor
46:08 Elite Skirmisher
3046964519
7:31 Loom
23:32 Feudal Age
24:49 Wheelbarrow
29:13 Double-Bit Axe
36:15 Castle Age
34:27 Gold Mining
34:30 Fishing Lines
37:05 Bow Saw
36:54 Stone Mining
38:17 Horse Collar
40:10 Husbandry
41:07 Town Watch
45:10 Hand Cart
45:09 Heavy Plow
[o.p.]Oliver_Khan
14:22 Feudal Age
12:40 Loom
14:07 Town Watch
14:09 Fishing Lines
17:30 Castle Age
15:35 Double-Bit Axe
16:37 Gold Mining
17:33 Medium Warships
18:02 Bow Saw
19:17 Forging
20:59 Fletching
CNZS_Bad Koala
11:43 Loom
13:54 Feudal Age
14:49 Town Watch
17:40 Castle Age
16:38 Double-Bit Axe
18:42 Horse Collar
20:41 Padded Archer Armor
24:58 Leather Archer Armor
30:20 Bloodlines
39:23 Wheelbarrow
42:59 Imperial Age
45:16 Imperial Age
46:24 Supremacy
46:46 Inquisition
DT-Johnson【东】
4:49 Loom
13:33 Feudal Age
14:27 Fishing Lines
17:12 Castle Age
15:50 Double-Bit Axe
15:48 Horse Collar
19:16 Bow Saw
19:21 Gold Mining
20:18 Medium Warships
24:49 Gillnets
25:36 Wheelbarrow
28:13 Forging
30:02 Iron Casting
31:05 Heavy Plow
33:08 Stone Mining
36:26 Imperial Age
34:27 Hand Cart
33:59 Town Watch
34:46 Fletching
34:57 Padded Archer Armor
35:55 Bodkin Arrow
36:44 Leather Archer Armor
38:38 Two-Man Saw
37:40 Bracer
38:11 Ring Archer Armor
38:46 Coinage
40:38 Chemistry
40:06 Ballistics
39:43 Murder Holes
39:57 Scale Barding Armor
39:21 Elite Elephant Archer
40:34 Thumb Ring
41:04 Chain Barding Armor
41:15 Conscription
41:02 Medical Corps
41:19 Wootz Steel
42:39 Banking
42:10 Arrowslits
马到成功
13:54 Loom
21:04 Feudal Age
22:16 Double-Bit Axe
25:41 Castle Age
27:18 Bow Saw
28:47 Wheelbarrow
31:53 Hand Cart
38:21 Imperial Age
35:39 Town Watch
36:31 Gold Mining
36:33 Stone Mining
38:41 Bloodlines
38:33 Husbandry
38:17 Cavalier
39:15 Scale Barding Armor
39:22 Forging
40:02 Gold Shaft Mining
40:28 Chain Barding Armor
40:37 Savar
42:49 Plate Barding Armor
45:30 Iron Casting
_LY_lyx
13:53 Feudal Age
13:15 Loom
18:50 Castle Age
16:41 Double-Bit Axe
19:33 Forging
19:43 Fishing Lines
22:06 Fletching
23:14 Bow Saw
24:19 Horse Collar
26:52 Ballistics
27:55 Bodkin Arrow
29:39 Wheelbarrow
29:27 Padded Archer Armor
30:11 Gold Mining
30:11 Stone Mining
32:01 Town Watch
32:55 Hand Cart
32:46 Stone Mining
33:18 Heavy Plow
35:41 Kasbah
39:50 Imperial Age
38:01 Bloodlines
38:46 Gold Shaft Mining
39:02 Thumb Ring
40:00 Leather Archer Armor
40:34 Bracer
41:39 Chemistry
40:15 Elite Camel Archer
41:15 Conscription
41:51 Ring Archer Armor
43:16 Coinage
44:35 Banking
44:36 Guilds
45:40 Siege Engineers
Connection lost

Rejoining the realm…

Still unreachable

The connection could not be restored.

Session expired

The server has moved on; the page needs a fresh start.